 Dungeon Crawl Stone Soup version 0.23-a0-650-ga4d50d4 (webtiles) character file.

91 dondy the Chopper (level 4, 0/39 HPs)
             Began as a Hill Orc Monk on Jan 6, 2019.
             Slain by an orc
             ... wielding a +0 flail
              (8 damage)
             ... on level 2 of the Dungeon.
             The game lasted 00:02:55 (1091 turns).

dondy the Chopper (Hill Orc Monk)                   Turns: 1091, Time: 00:02:56

Health: 0/39       AC:  2    Str: 14    XL:     4   Next: 57%
Magic:  4/4        EV: 13    Int: 10    God:
Gold:   41         SH:  0    Dex: 13    Spells: 3/3 levels left

rFire    . . .     SeeInvis .   a - +0 hand axe
rCold    . . .     Gourm    .   (no shield)
rNeg     . . .     Faith    .   b - +0 robe
rPois    .         Spirit   .   (no helmet)
rElec    .         Reflect  .   (no cloak)
rCorr    .         Harm     .   (no gloves)
MR       .....                  (no boots)
Stlth    ++........             (no amulet)
HPRegen  0.13/turn              (no ring)
MPRegen  0.09/turn              (no ring)

@: no status effects
A: no striking features
a: no special abilities


You were on level 2 of the Dungeon.
You were not hungry.

You visited 1 branch of the dungeon, and saw 3 of its levels.

You collected 41 gold pieces.

Inventory:

Hand Weapons
 a - a +0 hand axe (weapon)
Missiles
 d - 5 tomahawks (quivered)
Armour
 b - a +0 robe (worn)
Jewellery
 g - an uncursed ring of fire
Scrolls
 i - a scroll of noise {unknown}
 j - 2 scrolls of identify {unknown}
Potions
 e - a potion of brilliance {unknown}
 h - a potion of lignification {unknown}
Comestibles
 c - 2 rations
 f - 4 chunks of flesh


   Skills:
 - Level 3.6 Fighting
 + Level 6.9 Axes
 - Level 2.4 Dodging
 - Level 1.5 Stealth


You had 3 spell levels left.
You didn't know any spells.
Your spell library was empty.

Dungeon Overview and Level Annotations

Branches:
Dungeon (3/15)

Altars:
Uskayaw


Message History

You hit the orc.
You kill the orc!
You barely miss the orc. You hit the orc but do no damage.
The orc hits you with a +0 flail! The orc hits you with a +0 trident.
You are too injured to fight recklessly!
You are too injured to fight recklessly!
The orc hits you with a +0 trident.
Items here: )) [ รท a +0 war axe; a +0 robe; a +0 dagger; an orc skeleton You are too injured to fight recklessly!
You are too injured to fight recklessly!
You hit the orc.
The orc is lightly wounded.
You hit the orc. The orc hits you with a +0 flail!
* * * LOW HITPOINT WARNING * * *
The orc closely misses you.
You hit the orc but do no damage.
The orc is lightly wounded.
You hit the orc. The orc hits you with a +0 flail!
You die...

#..........########.....
#.......................
#.........#########.....
##.............#......
##..#########.#......
#..# #.#...... #..#
#.#...... #.o###
##.#...... ##o@.#
#......### ###.#
#......# ... #......#
..... #......# ####
......#......# #..###
.######......# #....##
.# #......# ##....## .#
#......# ##....##


You could see 2 orcs.

Vanquished Creatures
  An orc wizard (D:2)
  3 gnolls (D:2)
  An ooze (D:1)
  2 worms (D:2)
  2 orcs (D:2)
  A ball python (D:1)
  2 bats (D:1)
  A giant cockroach (D:1)
  2 goblins (D:1)
  4 jackals (D:2)
  3 frilled lizards
  A kobold (D:1)
  3 rats
26 creatures vanquished.

Notes
Turn   | Place    | Note
-------+----------+-------------------------------------------
     0 | D:1      | dondy the Hill Orc Monk began the quest for the Orb.
     0 | D:1      | Reached XP level 1. HP: 19/19 MP: 1/1
   192 | D:1      | Reached XP level 2. HP: 26/26 MP: 2/2
   303 | D:1      | Reached skill level 5 in Axes
   361 | D:2      | Found a hide-covered altar of Uskayaw.
   552 | D:2      | Reached XP level 3. HP: 23/31 MP: 3/3
   788 | D:2      | Reached skill level 6 in Axes
   796 | D:2      | Reached XP level 4. HP: 23/39 MP: 4/4
  1091 | D:2      | Slain by an orc

Vault maps used:
D:1:      lemuel_arrival_tunnels
D:2:      nicolae_overflow_crystal_walls, nrook_mini_backslash,
          minmay_misc_feat_plants
D:3:      first_ration

Skill      XL: |  1  2  3 |
---------------+----------+-----
Axes           | 5 6 |  6.9
Fighting       | |  3.6
Dodging        | |  2.4
Stealth        | |  1.5

Action                   |  1- 3 |  4- 6 || total
-------------------------+-------+-------++-------
Melee: Hand axe          |    80 |    16 ||    96
 Stab: Sleeping          |     4 |       ||     4
  Eat: Chunk             |       |     1 ||     1
Armor: Robe              |     5 |       ||     5
Dodge: Dodged            |    43 |    16 ||    59

Table legend:
 A = Non-vault XP
 B = Vault XP
 C = Vault XP percentage of total XP
 D = Non-vault monster count
 E = Vault monster count
 F = Vault count percentage of total count
                 A         B        C        D         E       F
            +---------+---------+-------+---------+---------+-------
      Total |     130 |       0 |   0.0 |      26 |       0 |   0.0
            +---------+---------+-------+---------+---------+-------
        D:1 |      22 |       0 |   0.0 |      12 |       0 |   0.0
        D:2 |     108 |       0 |   0.0 |      14 |       0 |   0.0
            +---------+---------+-------+---------+---------+-------
